Unix NetHack Version 5.0.0-0 post-release - last build Jun 10 2026 00:39:30 (3ee93aec679c4c4259841fe613dc97188e26a321,branch:main).

Game began 2026-06-25 13:55:17, ended 2026-06-25 17:22:26.

Ch3Begorrah, chaotic male human Rogue

      ---------------             ---------------
      |))))))))))@))|             |.............|
      |))))))))@m%))|             |..............
      |.............|             |.............|
      ---------+-----          ###..............|
               #              ##  |.<...........|
              ##             ##   ---------------
              #              #
              #              #
              #           ####
              #          ##
       -------.-----     #
       |...........|     #
       |...........|     #
       |...........|######
       |.).........|#
       |..[........-#
       -------------

Ch3Begorrah the Rogue   St:11 Dx:18 Co:17 In:11 Wi:12 Ch:8  Chaotic
Dlvl:13 $:642 HP:0(54) Pw:33(33) AC:0  Xp:7 T:4589  Hungry   Burdened

Latest messages:
 The small mimic hits!
 You hit the small mimic.
 You hit the small mimic.
 You hit the small mimic.
 The small mimic misses!
 You hit the small mimic!
 You hit the small mimic.
 You hit the small mimic!
 You hit the small mimic.
 You hit the small mimic!
 The small mimic turns to flee.
 You kill the small mimic!
 You see here a small mimic corpse (for sale, 31 zorkmids).
 That axe is a small mimic!
 The small mimic hits!
 You hit the small mimic.
 You hit the small mimic!
 You hit the small mimic.
 You are beginning to feel hungry.
 The small mimic misses!
 You hit the small mimic.
 The small mimic hits!
 You hit the small mimic.
 You hit the small mimic.
 The small mimic just misses!
 You hit the small mimic!
 You hit the small mimic.
 You hit the small mimic.
 You hit the small mimic!
 The small mimic hits!
 b - a +0 dagger (weapon in right hand).
 You hit the small mimic!
 You hit the small mimic.
 You kill the small mimic!
 You see here a small mimic corpse (for sale, 61 zorkmids).
 That spear is a small mimic!
 You hit the small mimic!
 You hit the small mimic.
 You hit the small mimic.
 You hit the small mimic.
 You hit the small mimic!
 You hit the small mimic.
 The small mimic hits!
 You hit the small mimic!
 You hit the small mimic.
 You hit the small mimic.
 The small mimic hits!
 You die...
 Vanzac gratefully inherits all your possessions.
 Do you want to see what you had when you died? [ynq] (y) q

Inventory:
 Coins    ('$')
  $ - 642 gold pieces
 Amulets  ('"')
  d - an uncursed amulet of restful sleep named cursed
 Weapons  (')')
  b - a +0 dagger (weapon in right hand)
  x - 12 +0 daggers (at the ready)
 Armor    ('[')
  A - an uncursed +0 orcish helm (being worn)
  p - an uncursed +0 pair of iron shoes (being worn)
  q - an uncursed +0 pair of levitation boots
  l - a cursed +0 dwarvish roundshield (being worn)
  j - an uncursed +0 dwarvish cloak (being worn)
  c - an uncursed +3 leather armor (being worn)
 Comestibles  ('%')
  J - an uncursed apple
  r - 2 uncursed food rations
  Y - an uncursed lembas wafer
  V - a cursed lizard corpse
 Scrolls  ('?')
  v - a cursed scroll of create monster
  o - 3 uncursed scrolls of enchant armor
  M - a cursed scroll of enchant armor
  a - a cursed scroll of gold detection
  n - an uncursed scroll of identify
  R - an uncursed scroll of taming
 Potions  ('!')
  u - a cursed potion of gain energy
  y - a blessed potion of healing
  L - an uncursed potion of monster detection
 Rings    ('=')
  Z - an uncursed ring of invisibility
 Wands    ('/')
  s - a cursed wand of digging (0:1)
  m - a wand of magic missile (0:1)
  w - a cursed wand of opening (0:4)
  X - a wand of stasis (0:5)
  G - a wand of stasis (0:4)
  F - a cursed wand of stasis (0:3)
 Tools    ('(')
  z - an empty uncursed sack
  g - an uncursed blindfold
  e - an uncursed lock pick
  S - a cursed stethoscope
  t - an uncursed towel
  f - a +0 unicorn horn
 Gems/Stones  ('*')
  k - an uncursed worthless piece of black glass
  H - an uncursed worthless piece of orange glass
  B - an uncursed worthless piece of white glass

Ch3Begorrah the Rogue's attributes:

Background:
 You were a Rogue, level 7 male human.
 You were chaotic, nominally on a mission for Kos
 who was opposed by Issek (lawful) and Mog (neutral).
 You were right-handed.
 You were in the Dungeons of Doom, on level 13.
 You entered the dungeon 4589 turns ago.
 You had 896 experience points, 384 more were needed to attain level 8.

Basics:
 You had 0 out of 54 hit points.
 You had all 33 energy points (spell power).
 Your armor class was 0.
 Your wallet contained 642 zorkmids.
 Autopickup was on, but temporarily disabled while inside the shop.

Final Characteristics:
 Your strength was 11 (limit:18/100).
 Your dexterity was 18 (limit:18).
 Your constitution was 17 (limit:18).
 Your intelligence was 11 (limit:18).
 Your wisdom was 12 (limit:18).
 Your charisma was 8 (limit:18).

Final Status:
 You were hungry.
 You were burdened; movement was slightly slowed.
 You were wielding a dagger.
 You were skilled in dagger and could have enhanced that.

Final Attributes:
 You were piously aligned.
 Your items were somewhat protected from fire.
 Your items were somewhat protected from cold.
 You saw invisible.
 You were stealthy.
 You were warded.
 You were fast.
 You are dead.

Miscellaneous:
 You didn't encounter any bones levels.
 Total elapsed playing time was 37 minutes and 53 seconds.

Major events:
 Turn
    1: Ch3Begorrah the chaotic male human Rogue entered the dungeon
 1110: entered the Gnomish Mines
 1115: attained the rank of Cutpurse (level 3)
 3311: entered Sokoban
 3510: attained the rank of Rogue (level 6)
 4589: killed by a small mimic

You didn't know any spells.

Skills:
 Fighting Skills
   bare handed combat [Unskilled]
   two weapon combat  [Unskilled]
   riding             [Unskilled]
 Weapon Skills
   dagger             [Skilled]
   knife              [Unskilled]
   short sword        [Basic]
   broadsword         [Unskilled]
   long sword         [Unskilled]
   two-handed sword   [Unskilled]
   saber              [Unskilled]
   club               [Unskilled]
   mace               [Unskilled]
   morning star       [Unskilled]
   flail              [Unskilled]
   hammer             [Unskilled]
   polearms           [Unskilled]
   spear              [Unskilled]
   crossbow           [Unskilled]
   dart               [Unskilled]
   shuriken           [Unskilled]
 Spellcasting Skills
   divination spells  [Unskilled]
   escape spells      [Unskilled]
   matter spells      [Unskilled]

Voluntary challenges:
 Character rerolling was not enabled.
 You followed a strict vegan diet.
 You were an atheist.
 You never genocided any monsters.
 You never polymorphed an object.
 You never changed form.
 You used no wishes.
 You did not violate any of the special Sokoban rules.
Achievements:
 You entered a shop.
 You entered the Gnomish Mines.
 You attained the rank of Cutpurse.
 You entered Sokoban.
 You attained the rank of Rogue.

 The Dungeons of Doom: levels 1 to 13
    Level 1:
       Some fountains.
    Level 2:
    Level 3:
       A general store, a fountain.
       Stairs down to The Gnomish Mines.
    Level 4:
       A fountain.
    Level 5:
    Level 6:
       A potion shop.
    Level 7:
    Level 8:
       A fountain.
    Level 9:
       Many fountains.
       Oracle of Delphi.
    Level 10:
       A fountain.
       Stairs up to Sokoban, level 9.
    Level 11:
       A fountain.
    Level 12:
    Level 13: <- You were here.
       A weapon shop.
       Final resting place for
          you, killed by a small mimic.
 The Gnomish Mines:
    Level 4:
 Sokoban:
    Level 9:
       Unsolved.


Vanquished creatures:
  2 small mimics
  a chameleon
  a wolf
  a scorpion
  a dwarf mummy
 an ogre
 an owlbear
  a werewolf
  a lizard
  a jaguar
  2 blue jellies
  a white unicorn
  a gnome mummy
  a soldier ant
  a fire ant
  2 rock piercers
  a pony
  a yellow light
  a golden naga hatchling
  a gray ooze
  2 giant ants
  a floating eye
  a kitten
  a dwarf
  a homunculus
  a kobold shaman
  2 rothes
  3 orc zombies
 an iguana
  a hobbit
  a manes
  a gnome
  5 garter snakes
  2 geckos
  2 jackals
  3 foxes
  4 goblins
  a sewer rat
  5 grid bugs
  4 bats
  2 lichens
  4 newts
71 creatures vanquished.

No species were genocided or became extinct.

Game over:
                       ----------
                      /          \
                     /    REST    \
                    /      IN      \
                   /     PEACE      \
                  /                  \
                  |   Ch3Begorrah    |
                  |      642 Au      |
                  |   killed by a    |
                  |   small mimic    |
                  |                  |
                  |                  |
                  |       2026       |
                 *|     *  *  *      | *
        _________)/\\_//(\/(/\)/\//\/|_)_______

Goodbye Ch3Begorrah the Rogue...

You died in The Dungeons of Doom on dungeon level 13 with 4842 points,
and 642 pieces of gold, after 4589 moves.
You were level 7 with a maximum of 54 hit points when you died.

